 Dungeon Crawl Stone Soup version 0.24-a0-498-ge00f04a389 (webtiles) character file.

Game seed: 17362657356592725914

961 DasRunzen the Skirmisher (level 7, -2/55 (56) HPs)
             Began as a Demonspawn Fighter on July 14, 2019.
             Was a Follower of Okawaru.
             Slain by an ogre
             ... wielding a +0 giant spiked club
              (10 damage)
             ... on level 5 of the Dungeon.
             The game lasted 00:08:26 (5000 turns).

DasRunzen the Skirmisher (Demonspawn Fighter)       Turns: 5000, Time: 00:08:27

HP:   -2/55 (56)    AC:  7    Str: 14    XL:     7   Next: 92%
MP:   10/10         EV:  7    Int:  9    God:    Okawaru [*.....]
Gold: 148           SH: 11    Dex: 12    Spells: 6/6 levels left

rFire    . . .     SeeInvis .   a - +0 trident
rCold    . . .     Gourm    .   c - +2 shield
rNeg     + + .     Faith    .   b - +0 scale mail
rPois    +         Spirit   .   (no helmet)
rElec    .         Reflect  .   (no cloak)
rCorr    .         Harm     .   (no gloves)
MR       .....                  (no boots)
Stlth    ..........             u - amulet "Nuox" {RegenMP rPois rN+ Str-5}
HPRegen  0.18/turn              j - ring of positive energy
MPRegen  0.37/turn              (no ring)

@: no status effects
A: claws 1, powered by death 1
a: Heroism, Renounce Religion


You were on level 5 of the Dungeon.
You worshipped Okawaru.
Okawaru was aware of your devotion.
You were hungry.

You visited 1 branch of the dungeon, and saw 6 of its levels.

You collected 233 gold pieces.
You spent 85 gold pieces at shops.

Inventory:

Hand Weapons
 a - a +0 trident (weapon)
Armour
 b - a +0 scale mail (worn)
 c - a +2 shield (worn)
Jewellery
 j - a ring of positive energy (left claw)
 r - an uncursed ring of protection from cold
 u - the amulet "Nuox" (around neck) {RegenMP rPois rN+ Str-5}
   (You bought it in a shop on level 5 of the Dungeon)

   [amulet of magic regeneration]

   It increases your magic regeneration.
   It affects your strength (-5).
   It protects you from poison.
   It protects you from negative energy.
Scrolls
 e - 6 scrolls of teleportation
 h - a scroll of fear
 l - 2 scrolls of magic mapping
 s - a scroll of noise {unknown}
 t - a scroll of amnesia {unknown}
 v - a scroll of acquirement {unknown}
 x - a scroll of fog {unknown}
Potions
 d - 3 potions of might
 g - 2 potions of haste
 i - 2 potions of mutation {unknown}
 k - a potion of magic
 m - 2 potions of curing
 n - 3 potions of heal wounds
 o - a potion of flight {unknown}
 p - a potion of ambrosia {unknown}
 q - a potion of cancellation {unknown}
 w - a potion of lignification {unknown}
 z - a potion of berserk rage {unknown}
Comestibles
 f - 8 rations


   Skills:
 + Level 5.1 Fighting
 + Level 4.1 Polearms
 + Level 4.6 Armour
 + Level 4.7 Shields
 + Level 4.2 Invocations


You had 6 spell levels left.
You didn't know any spells.
Your spell library was empty.

Dungeon Overview and Level Annotations

Branches:
Dungeon (6/15)
 Temple: D:4-7

Altars:
Ashenzari
Cheibriados
Elyvilon
Okawaru
Ru
Yredelemnul
The Shining One

Shops:
D:5 *

Annotations:
D:3 1 runed translucent door, Gumption's ghost, amateur FoHu
D:5 1 runed translucent door, motoroller71's ghost, novice GnGl


Innate Abilities, Weirdness & Mutations

You have sharp fingernails.
You regenerate a little health from kills.


Message History

The iguana bites you but does no damage.
You closely miss the iguana.
The iguana is almost dead.
You block the iguana's attack.
You hit the iguana but do no damage.
The iguana is almost dead.
The iguana closely misses you.
You hit the iguana.
You kill the iguana!
Okawaru accepts your kill.
You hit the ogre.
The ogre is lightly wounded.
You block the ogre's attack.
You hit the ogre but do no damage.
The ogre is lightly wounded.
You block the ogre's attack.
You hit the ogre.
The ogre is lightly wounded.
The ogre hits you with a +0 giant spiked club!
You die...

>.########........######## ##..
### ##.........### ##..#
###............# #..##
##...#........#.## #.##
###..###........#..########.#
#..∩###........###....##....#
##.####..#...>..##........#####
#..# #..###.###O#..###.......<#
##.####.###....#@#.######......#
.....................).........#
...................######......#
#..####.###....#.#######.......#
...## #.# #......#..W[.#.##....#
#...# #.#
####...+≈≈≈≈?#######.##
....###.# #<#.#.....# #...
##...#..# #...####### ###.
#.#.#.## ###.####.##########.


You could see an ogre.

Vanquished Creatures
  An ice beast (D:5)
  A necrophage (D:5)
  2 ogres
  A bullfrog (D:3)
  2 howler monkeys
  A bullfrog zombie (D:5)
  2 orc wizards
  Jessica (D:2)
  3 worker ants
  An iguana (D:5)
  3 gnolls (D:5)
  A howler monkey skeleton (D:4)
  7 adders
  A shadow imp (D:5)
  A worm (D:3)
  5 leopard geckos
  12 orcs
  2 ball pythons (D:1)
  6 bats
  6 giant cockroaches
  8 goblins
  10 hobgoblins
  19 jackals
  8 quokkas
  5 frilled lizards
  14 kobolds
  A leopard gecko zombie (D:3)
  11 rats
135 creatures vanquished.

Vanquished Creatures (others)
  2 withered plants (D:3)
2 creatures vanquished.

Grand Total: 137 creatures vanquished

Notes
Turn   | Place    | Note
-------+----------+-------------------------------------------
     0 | D:1      | DasRunzen the Demonspawn Fighter began the quest for the
                  | Orb.
     0 | D:1      | Reached XP level 1. HP: 18/18 MP: 1/1
    89 | D:1      | Gained mutation: You have sharp fingernails. [demonic
                  | ancestry]
    89 | D:1      | Reached XP level 2. HP: 18/24 MP: 2/2
   889 | D:2      | Reached XP level 3. HP: 29/29 MP: 3/3
  1028 | D:2      | Noticed Jessica
  1043 | D:2      | Killed Jessica
  1043 | D:2      | Reached XP level 4. HP: 20/36 MP: 4/4
  1220 | D:2      | Found a snail-covered altar of Cheibriados.
  1223 | D:2      | Found a basalt altar of Yredelemnul.
  1237 | D:2      | Found an iron altar of Okawaru.
  1241 | D:2      | Became a worshipper of Warmaster Okawaru
  1247 | D:2      | Found a shattered altar of Ashenzari.
  1913 | D:3      | Gained mutation: You regenerate a little health from kills.
                  | [demonic ancestry]
  1913 | D:3      | Reached XP level 5. HP: 18/42 MP: 5/5
  2311 | D:3      | Reached skill level 1 in Invocations
  2459 | D:3      | Reached skill level 4 in Fighting
  2674 | D:3      | Found a runed translucent door.
  2675 | D:3      | Noticed Gumption's ghost (amateur FoHu)
  3084 | D:4      | Reached XP level 6. HP: 29/48 MP: 7/7
  3567 | D:4      | Reached * piety under Okawaru
  3971 | D:4      | You fall into a shaft and drop 1 floor!
  3971 | D:5      | Entered Level 5 of the Dungeon
  3976 | D:5      | Found a white marble altar of Elyvilon.
  4026 | D:5      | Found a runed translucent door.
  4028 | D:5      | Noticed motoroller71's ghost (novice GnGl)
  4313 | D:5      | Found a glowing golden altar of the Shining One.
  4363 | D:5      | Noticed an ice beast
  4395 | D:5      | Reached XP level 7. HP: 42/55 MP: 9/9
  4466 | D:5      | Found a sacrificial altar of Ru.
  4519 | D:5      | Found Biokaado's Assorted Antiques.
  4524 | D:5      | Bought a twitching steel amulet for 85 gold pieces
  4524 | D:5      | Identified the amulet "Nuox" {RegenMP rPois rN+ Str-5} (You
                  | bought it in a shop on level 5 of the Dungeon)
  4610 | D:5      | Reached skill level 5 in Fighting
  5000 | D:5      | Slain by an ogre

Levels and vault maps discovered:
D:1:      dpeg_arrival_lava_altar, layout_loops_ring
D:2:      layout_basic, grunt_temple_overflow_cloverleaf, first_ration,
          uniq_jessica
D:3:      minmay_bubble_buster, layout_loops_ring, gammafunk_ghost_grave
D:4:      layout_gridville
D:5:      layout_rooms, lemuel_doored_altar, serial_shops, shop,
          ebering_ghost_reflecting_pool, basic_altar,
          nicolae_tso_swordbearing_angel
D:6:      layout_cave_pools, temple_green, minmay_alternating_orb

Skill      XL: |  1  2  3  4  5  6  7 |
---------------+----------------------+-----
Polearms       | 2 3 4 |  4.1
Shields        | 3 4 |  4.7
Armour         | 3 4 |  4.6
Invocations    | 1 3 4 |  4.2
Fighting       | 4 5 |  5.1

Action                   |  1- 3 |  4- 6 |  7- 9 || total
-------------------------+-------+-------+-------++-------
Melee: Trident           |   144 |   336 |   180 ||   660
  Use: Scroll            |     4 |     6 |       ||    10
       Potion            |     1 |       |       ||     1
  Eat: Chunk             |       |    11 |     3 ||    14
Armor: Scale mail        |    43 |    94 |    82 ||   219
Dodge: Dodged            |    28 |    94 |    49 ||   171
Block: Shield            |    57 |   182 |   129 ||   368

Table legend:
 A = Non-vault XP
 B = Vault XP
 C = Vault XP percentage of total XP
 D = Non-vault monster count
 E = Vault monster count
 F = Vault count percentage of total count
                 A         B        C        D         E       F
            +---------+---------+-------+---------+---------+-------
      Total |    1218 |     155 |  11.3 |     121 |      14 |  10.4
            +---------+---------+-------+---------+---------+-------
        D:1 |      40 |       0 |   0.0 |      24 |       0 |   0.0
        D:2 |      71 |      37 |  34.3 |      21 |       1 |   4.5
        D:3 |     104 |     118 |  53.2 |      26 |      13 |  33.3
        D:4 |     333 |       0 |   0.0 |      19 |       0 |   0.0
        D:5 |     670 |       0 |   0.0 |      31 |       0 |   0.0
            +---------+---------+-------+---------+---------+-------
